 Dungeon Crawl Stone Soup version 0.30-a0-862-g1aabd4f9c5 (webtiles) character file.

Game seed: 17962363770440583488

1179 oldriver the Chopper (level 8, 0/52 HPs)
             Began as a Gargoyle Chaos Knight on Mar 10, 2023.
             Was a Plaything of Xom.
             Engulfed by a steam dragon's steam (4 damage)
             ... on level 6 of the Dungeon.
             The game lasted 00:06:48 (5127 turns).

oldriver the Chopper (Gargoyle Chaos Knight)        Turns: 5127, Time: 00:06:49

Health: 0/52       AC: 16    Str: 17    XL:     8   Next: 42%
Magic:  17/17      EV: 11    Int: 14    God:    Xom [*.....]
Gold:   81         SH:  0    Dex:  9    Spells: 7/7 levels left

rFire   . . .      SeeInvis .    a - +3 hand axe (chaos)
rCold   . . .      Faith    .    (no shield)
rNeg    + . .      Spirit   .    b - +2 leather armour
rPois   ∞          Reflect  .    (no helmet)
rElec   +          Rampage  .    h - +0 cloak
rCorr   .                        n - +1 pair of gloves
Will    .....                    r - +1 pair of boots
Stlth   +                        (no amulet)
HPRegen 0.28/turn                q - +4 ring of slaying
MPRegen 0.15/turn                t - ring of magical power

@: no status effects
A: sickness immunity, AC +5, negative energy resistance 1, electricity
resistance, torment resistance 1, petrification resistance, wild magic 1
a: Renounce Religion


You were on level 6 of the Dungeon.
You worshipped Xom.
You were a special plaything of Xom.
You visited 1 branch of the dungeon, and saw 6 of its levels.

You collected 275 gold pieces.
You spent 194 gold pieces at shops.

Inventory:

Hand Weapons
 a - a +3 hand axe of chaos (weapon)
Missiles
 m - a poisoned dart
 v - 4 curare-tipped darts (quivered)
Armour
 b - a +2 leather armour (worn)
 h - a +0 cloak (worn)
 n - a +1 pair of gloves (worn)
 r - a +1 pair of boots (worn)
Jewellery
 q - a +4 ring of slaying (left hand)
 t - a ring of magical power (right hand)
Wands
 s - a wand of charming (8)
 x - a wand of roots (9)
Scrolls
 e - a scroll of identify
 i - 2 scrolls of fear
 l - a scroll of poison
 o - a scroll of silence
 p - a scroll of immolation
 w - 4 scrolls of blinking
Potions
 d - a potion of ambrosia {unknown}
 f - a potion of berserk rage {unknown}
 g - a potion of might
 j - 3 potions of degeneration
 k - a potion of attraction
 u - a potion of brilliance {unknown}
 z - a potion of haste
Miscellaneous
 c - a piece from Xom's chessboard (10/15)


   Skills:
 + Level 6.6 Fighting
 * Level 7.4 Axes
 + Level 3.3 Armour
 - Level 2.0 Dodging


You had 7 spell levels left.
You didn't know any spells.
Your spell library contained the following spells:

 Spells                   Type           Power      Damage    Failure   Level
 Summon Guardian Golem    Hex/Summ       0%         N/A       78%         3
 Malign Gateway           Summ/Tloc      0%         N/A       100%        7
 Orb of Destruction       Conj           0%         9d5       100%        7
 Spellforged Servitor     Conj/Summ      0%         N/A       100%        7
 Summon Horrible Things   Summ           0%         N/A       100%        8


Dungeon Overview and Level Annotations

Branches:
Dungeon (6/15)
 Temple: D:4-7

Altars:
Zin

Shops:
D:5 ?

Annotations:
D:5 3 runed translucent doors, ProzacElf's ghost, novice FeTm


Innate Abilities, Weirdness & Mutations

You are immune to sickness and miasma.
Your stone body is resilient. (AC +5)
You are immune to poison.
You resist negative energy. (rN+)
You are resistant to electric shocks. (rElec)
You are resistant to unholy torment.
You are immune to petrification.
Your spells are a little harder to cast, but a little more powerful.


Message History

Found a trident and a hand axe.
Your surroundings suddenly seem different.
The orc moves out of view. x2
You see here a +0 leather armour.
The steam dragon hisses angrily.
A steam dragon is nearby!
A steam dragon is nearby!
A steam dragon is nearby!
The steam dragon breathes steam at you. The ball of steam hits you!
No target in view!
No target in view!
No target in view!
No target in view!
No target in view!
No target in view!
No target in view!
No target in view!
No target in view!
No target in view!
No target in view!
No target in view!
You are engulfed in a cloud of scalding steam.
You slash the steam dragon!
The steam dragon resists with some effort.
The steam dragon is moderately wounded.
You are engulfed in a cloud of scalding steam.
The steam dragon bites you.
The steam dragon claws you but does no damage.
You barely miss the steam dragon.
The steam dragon is moderately wounded.
The steam dragon breathes steam at you. The ball of steam hits you!!
* * * LOW HITPOINT WARNING * * *
Okay, then.
You barely miss the steam dragon.
The steam dragon is moderately wounded.
You are engulfed in a cloud of scalding steam.
You die...
Xom is highly amused!

....# #.#....##.##.####.#.# #.#
###.#
#............####.#.###.##
#.########..##.................
#.............###..............
#####.###..##.# #..#.##.####.#.
#..##.# #.##.##.# #.#. #..##.#
#.##.##.####.#[
#..##.###.##)##....[.#.
#...§D@§§..).........#.
##.##.§§..§.........##.
#.#...#####.##.....##. #.....#
#..>.....†.. ###...#
######...... ....## #######
#####


You could see a steam dragon.

Vanquished Creatures
  Edmund (D:5)
  A black bear (D:4)
  2 ogres
  A phantom (D:4)
  2 scorpions
  An electric eel (D:6)
  A howler monkey (shapeshifter) (D:5)
  An orc priest (D:6)
  A hound (D:6)
  3 jellies
  Jessica (D:2)
  2 iguanas (D:4)
  2 orc wizards (D:6)
  4 gnolls (D:4)
  4 adders
  2 white imps
  An ufetubus (D:5)
  A dart slug (D:2)
  3 worms
  9 orcs
  8 ball pythons
  7 bats
  5 endoplasms
  4 giant cockroaches
  8 goblins
  10 hobgoblins
  3 jackals (D:3)
  2 quokkas
  3 frilled lizards
  3 kobolds
  4 rats
100 creatures vanquished.

Vanquished Creatures (collateral kills)
  An ogre (D:5)
1 creature vanquished.

Vanquished Creatures (others)
  A yak (D:6)
1 creature vanquished.

Grand Total: 102 creatures vanquished

Notes
Turn   | Place    | Note
-------+----------+-------------------------------------------
     0 | D:1      | oldriver the Gargoyle Chaos Knight began the quest for the
                  | Orb.
     0 | D:1      | Reached XP level 1. HP: 14/14 MP: 1/1
    46 | D:1      | Found a faded altar of an unknown god.
    60 | D:1      | XOM: smoke on damage
    70 | D:1      | XOM: silly message
   135 | D:1      | Reached skill level 3 in Axes
   151 | D:1      | Reached XP level 2. HP: 19/19 MP: 2/2
   474 | D:1      | XOM: silly message
   563 | D:1      | Reached XP level 3. HP: 24/24 MP: 3/3
   607 | D:1      | XOM: silly message
   689 | D:1      | XOM: silly message
   868 | D:2      | Found a glowing silver altar of Zin.
   924 | D:2      | Noticed Jessica
   940 | D:2      | Killed Jessica
   941 | D:2      | Reached XP level 4. HP: 18/29 MP: 4/4
   955 | D:2      | XOM: 2-stop teleportation journey
  1064 | D:2      | Reached skill level 4 in Axes
  1065 | D:2      | XOM: divination: magic mapping
  1071 | D:2      | XOM: fake destruction
  1319 | D:2      | Noticed a scorpion
  1326 | D:2      | Killed a scorpion
  1327 | D:2      | Reached XP level 5. HP: 34/34 MP: 5/5
  1555 | D:3      | XOM: summons 3 hostile demons
  1882 | D:3      | XOM: torment (27/34 hp)
  2019 | D:3      | XOM: stat loss: -1 Str (16/17)
  2109 | D:4      | Reached skill level 5 in Axes
  2109 | D:4      | Reached XP level 6. HP: 38/40 MP: 6/6
  2259 | D:4      | Reached skill level 5 in Fighting
  2364 | D:4      | XOM: noise
  2541 | D:4      | Noticed a black bear
  2547 | D:4      | Killed a black bear
  2548 | D:4      | Reached skill level 6 in Axes
  2548 | D:4      | Reached XP level 7. HP: 44/44 MP: 7/7
  2660 | D:4      | XOM: 5-stop teleportation journey
  2744 | D:4      | XOM: summons 4 hostile demons
  2745 | D:4      | Noticed an ice devil
  2778 | D:5      | Entered Level 5 of the Dungeon
  2817 | D:5      | Noticed Edmund
  2838 | D:5      | Killed Edmund
  3315 | D:4      | XOM: stat loss: -1 Dex (8/9)
  3419 | D:5      | XOM: give mutation
  3419 | D:5      | Gained mutation: Your spells are a little harder to cast,
                  | but a little more powerful. [Xom's mischief]
  3608 | D:5      | a hound changed into a shapeshifter
  3608 | D:5      | Noticed a shapeshifter (shapeshifter)
  3608 | D:5      | XOM: polymorph hound -> shapeshifter
  3608 | D:5      | a shapeshifter changed into a harpy
  3608 | D:5      | Noticed a harpy (shapeshifter)
  3608 | D:5      | XOM: butterfly on damage
  3620 | D:5      | Reached skill level 1 in Dodging
  3649 | D:5      | XOM: noise
  3922 | D:5      | Reached skill level 7 in Axes
  3922 | D:5      | Reached XP level 8. HP: 51/51 MP: 8/8
  4004 | D:5      | XOM: 2-stop teleportation journey
  4027 | D:5      | XOM: draining
  4037 | D:5      | Found Xom Lial's Magic Scroll Emporium.
  4040 | D:5      | Bought a scroll of enchant weapon for 97 gold pieces
  4040 | D:5      | Bought a scroll of blinking for 97 gold pieces
  4076 | D:5      | Found a runed translucent gate.
  4076 | D:5      | Found a runed translucent gate.
  4076 | D:5      | Found a runed translucent gate.
  4077 | D:5      | Noticed ProzacElf's ghost (novice FeTm)
  4333 | D:5      | XOM: summons 5 hostile demons
  4749 | D:6      | Noticed a yak
  4750 | D:6      | Noticed a yak
  4764 | D:6      | Noticed a yak
  4766 | D:6      | Noticed a yak
  4767 | D:6      | Noticed a yak
  4768 | D:6      | XOM: 2-stop teleportation journey
  5071 | D:6      | XOM: 3-stop teleportation journey
  5127 | D:6      | Engulfed by a steam dragon's steam

Illustrated notes

Levels and vault maps discovered:
D:1:      dpeg_arrival_rhombi, layout_basic, nicolae_ecumenical_snake_handling
D:2:      layout_rooms, basic_altar, serial_rivers,
          chequers_serial_rivers_micro_c, chequers_serial_rivers_room_b,
          chequers_serial_rivers_small_b, chequers_serial_rivers_micro_a,
          uniq_jessica
D:3:      layout_basic, st_stairs_2, minmay_door_square,
          kennysheep_generic_room_7
D:4:      layout_loops_ring, chequers_serial_rivers_micro_d,
          minmay_misc_feat_hallway
D:5:      layout_basic, serial_shops, kennysheep_mini,
          gammafunk_ghost_nasty_kobolds, chequers_decorated_corner,
          roderic_filled_cross, uniq_edmund
D:6:      layout_loops_ring, kennysheep_boxes

Skill      XL: |  1  2  3  4  5  6  7  8 |
---------------+-------------------------+-----
Axes           | 3 4 5 6 7 |  7.4
Fighting       | 4 5 6 |  6.6
Dodging        | 1 2 |  2.0
Armour         | 3 |  3.3

Action                     |  1- 3 |  4- 6 |  7- 9 || total
---------------------------+-------+-------+-------++-------
  Melee: Hand axe          |    92 |   129 |   103 ||   324
         Punch             |       |     1 |     1 ||     2
  Throw: Dart              |     5 |     2 |     4 ||    11
  Evoke: Piece from Xom's  |     1 |     5 |     7 ||    13
         Wand              |       |       |     2 ||     2
    Use: Scroll            |       |    15 |     5 ||    20
         Potion            |       |     1 |     6 ||     7
   Stab: Petrified         |       |       |     1 ||     1
 Armour: Leather armour    |    44 |    86 |    31 ||   161
  Dodge: Dodged            |    58 |    96 |    40 ||   194

Table legend: (Time is in decaauts)
 A = Elapsed time spent in this place.
 B = Non-inter-level travel time spent in this place.
 C = Inter-level travel time spent in this place.
 D = Time resting spent in this place.
 E = Time spent auto-exploring this place.
 F = Levels seen in this place.
 G = Mean time per level.
                   A        B        C        D        E       F      G
               +--------+--------+--------+--------+--------+-----+--------+
         Total |   5143 |   4937 |    206 |    296 |   3759 |   6 |  857.2 |
       Dungeon |   5143 |   4937 |    206 |    296 |   3759 |   6 |  857.2 |
               +--------+--------+--------+--------+--------+-----+--------+

Top non-repeatable levels by time:
     D:5: 1250 daAuts
     D:4: 1151 daAuts
     D:1: 851 daAuts
     D:2: 651 daAuts
     D:3: 630 daAuts
     D:6: 608 daAuts
